Map: Goldenaura LE

Players

DisK

  • Race: Protoss Protoss
  • Spawn Location: 5:00

A.I. 1 (Very Easy) - Winner!

  • Race: Protoss Protoss
  • Spawn Location: 12:00

VOD

Have the link to the VOD?

Description

Time

  • Played on: Jan. 5, 2024, 9:19 p.m.
  • Length: 10:39
Show
View Real Time Build Order
Export as new Build Order

DisK Protoss 

Build Orders: Phoenix Opening, Blink Stalkers, Zealot Archon 

Get SALT Encoding   

  12  0:00  Probe  
  13  0:12  Probe  
  14  0:17  Pylon  
  14  0:24  Probe  
  15  0:36  Gateway  
  15  0:37  Probe (Chrono Boost)  
  16  0:47  Assimilator, Probe (Chrono Boost)  
  17  0:52  Probe (Chrono Boost)  
  17  0:55  Assimilator  
  18  1:03  Probe (Chrono Boost)  
  19  1:08  Gateway  
  19  1:14  Probe (Chrono Boost)  
  20  1:19  Probe (Chrono Boost)  
  20  1:25  Cybernetics Core  
  21  1:29  Probe  
  22  1:35  Pylon  
  22  1:41  Probe  
  23  1:55  Probe  
  24  2:01  Sentry  
  24  2:02  Stalker, Warp Gate (Chrono Boost)  
  24  2:07  Probe  
  29  2:13  Pylon  
  29  2:24  Probe  
  30  2:30  Sentry  
  30  2:33  Stalker  
  34  2:46  Nexus  
  34  2:52  Shield Battery  
  34  2:54  Probe  
  35  3:04  Twilight Council  
  35  3:07  Probe  
  36  3:14  Pylon  
  36  3:19  Probe  
  37  3:31  Probe  
  37  3:32  Blink (Chrono Boost)  
  38  3:36  Phoenix  
  38  3:43  Probe  
  38  3:45  Stalker x2  
  43  3:56  Probe  
  43  3:59  Probe  
  45  4:08  Stalker x2, Probe  
  50  4:11  Probe  
  51  4:20  Probe  
  51  4:23  Probe  
  53  4:31  Stalker x2  
  53  4:35  Probe  
  53  4:36  Probe  
  59  4:43  Nexus  
  59  4:47  Pylon  
  59  4:49  Probe  
  59  4:50  Probe  
  61  5:03  Robotics Facility  
  61  5:04  Forge  
  61  5:07  Stalker x2  
  61  5:10  Probe  
  61  5:12  Probe  
  67  5:16  Assimilator  
  67  5:18  Pylon  
  67  5:23  Probe  
  67  5:24  Probe  
  69  5:31  Gateway  
  69  5:32  Gateway  
  69  5:34  Protoss Ground Weapons Level 1 (Chrono Boost)  
  69  5:35  Probe  
  69  5:36  Probe  
  71  5:44  Charge  
  71  5:49  Probe (Chrono Boost)  
  73  5:50  Probe (Chrono Boost)  
  73  5:55  Observer  
  73  5:56  Probe (Chrono Boost)  
  77  6:05  Probe x3 (Chrono Boost)  
  77  6:07  Gateway x2  
  77  6:09  Gateway  
  77  6:10  Probe (Chrono Boost)  
  77  6:11  Gateway  
  78  6:12  Probe  
  78  6:13  Probe  
  78  6:16  Assimilator  
  81  6:24  Templar Archives  
  81  6:25  Probe x2  
  81  6:26  Probe  
  81  6:27  Pylon  
  81  6:32  Zealot x2  
  88  6:34  Pylon  
  88  6:40  Zealot x2  
  88  6:42  Probe, Warp Prism  
  93  6:49  Pylon  
  93  6:50  Pylon  
  95  6:56  Zealot  
  95  6:57  Zealot  
  95  7:01  Pylon  
  99  7:02  High Templar x2  
  99  7:03  Zealot  
  99  7:06  Archon  
  105  7:10  High Templar x2  
  105  7:13  Zealot  
  105  7:14  Archon  
  111  7:16  Pylon  
  111  7:20  Nexus  
  111  7:24  Pylon  
  111  7:37  Protoss Ground Weapons Level 2 (Chrono Boost)  
  111  7:39  Zealot x6  
  111  7:42  Zealot x2  
  127  7:48  Probe x3  
  130  7:52  Photon Cannon  
  130  8:00  High Templar x2  
  130  8:01  Zealot x3  
  130  8:03  Zealot  
  130  8:05  Archon  
  142  8:07  Zealot  
  142  8:08  Zealot  
  142  8:11  Probe x2  
  148  8:14  Probe  
  148  8:15  Photon Cannon  
  148  8:19  Photon Cannon  
  149  8:30  Pylon  
  149  8:32  Probe x3  
  149  8:33  Pylon  
  152  8:36  Probe  
  153  8:42  Assimilator  
  153  8:43  Assimilator  
  153  8:44  Probe  
  153  8:47  High Templar x4, Pylon  
  162  8:48  Zealot x2  
  162  8:53  Probe x3  
  169  8:58  Zealot x2, Archon x2  
  173  9:02  Gateway  
  173  9:05  Gateway  
  173  9:06  Robotics Bay  
  173  9:10  Robotics Facility  
  173  9:12  Probe  
  173  9:13  Probe  
  173  9:15  Photon Cannon  
  173  9:17  Photon Cannon  
  175  9:18  Shield Battery  
  175  9:21  Photon Cannon  
  175  9:23  Photon Cannon  
  175  9:25  Probe x4  
  179  9:34  Dark Shrine  
  179  9:37  Gateway  
  179  9:38  Gateway  
  179  9:40  Pylon  
  179  9:43  Assimilator  
  179  9:44  Assimilator  
  179  9:47  Nexus  
  179  9:50  Pylon  
  179  9:56  Disruptor (Chrono Boost)  
  187  10:02  Disruptor (Chrono Boost)  
  187  10:03  Shield Battery  
  187  10:11  Photon Cannon  
  187  10:12  Shield Battery  
  187  10:13  Photon Cannon  
  187  10:16  Stalker x2, Pylon  
  191  10:25  Stargate  
  191  10:28  Stalker x3  
  191  10:29  Stalker  
Show
View Real Time Build Order
Export as new Build Order

A.I. 1 (Very Easy) Protoss - Winner!

Build Orders:  

Get SALT Encoding   

  12  0:00  Probe  
  13  0:13  Probe  
  14  0:20  Pylon  
  14  0:37  Assimilator  
  14  0:43  Gateway  
  14  0:45  Pylon  
  14  1:13  Assimilator  
  14  1:18  Probe  
  15  1:26  Probe  
  16  1:33  Cybernetics Core  
  16  1:34  Probe  
  17  1:44  Probe  
  18  1:56  Probe  
  18  1:59  Warp Gate  
  19  2:04  Probe  
  20  2:11  Stalker  
  22  5:20  Probe  
  22  5:29  Probe  
  22  5:31  Zealot  
  22  5:34  Pylon  
  25  5:36  Robotics Facility  
  25  5:37  Probe  
  26  5:48  Probe  
  27  6:00  Probe  
  28  6:06  Pylon  
  28  6:11  Probe  
  29  6:19  Probe  
  29  6:24  Zealot  
  31  6:26  Observer  
  32  6:48  Observer  
  32  7:07  Nexus  
  32  7:17  Stalker  
  33  8:18  Probe  
  34  8:25  Assimilator, Probe  
  35  8:30  Assimilator, Probe  
  36  8:37  Probe  
  37  8:48  Probe  
  38  8:55  Probe  
  39  9:03  Probe  
  40  9:10  Probe  
  40  9:15  Probe  
  42  9:24  Probe  
  42  9:27  Zealot, Probe  
  40  9:38  Probe  
  40  9:42  Probe  
  40  9:53  Probe  
  41  10:00  Probe  
  42  10:20  Stalker  
Tags
 
Add a new tag
Caveats
  • Supply blocks, unpowered buildings, or Contaminate may cause inaccurate times.
  • Supply counts are checked every 10 seconds.